 Dungeon Sprint DCSS version 0.17-a0-1838-g891d947 (webtiles) character file.

17596 nuthulu the Tortoise (level 12, -16/90 HPs)
             Began as a Gargoyle Fighter on Sept 15, 2015.
             Was the Champion of Trog.
             Demolished by an alligator snapping turtle (37 damage)
             ... in the Dungeon (Sprint III: "The Ten Rune Challenge").
             The game lasted 00:11:11 (3918 turns).

nuthulu the Tortoise (Gargoyle Fighter)             Turns: 3918, Time: 00:11:11

Health: -16/90     AC: 26    Str: 21    XL:     12   Next: 49%
Magic:  12/12      EV:  7    Int:  9    God:    Trog [******]
Gold:   8          SH: 14    Dex: 13    Spells: 0 memorised, 11 levels left

rFire  . . .     SeeInvis .     z - +6 eveningstar (drain)
rCold  . . .     Clarity  .     x - +0 plate armour
rNeg   + . .     SustAt   .     c - +0 shield
rPois  ∞         Gourm    .     (no helmet)
rElec  +         Spirit   .     (no cloak)
rCorr  .         Warding  .     (no gloves)
rMut   .         NoTele   +     (no boots)
MR     ++...                    (no amulet)
Stlth  ..........               (no ring)
                                (no ring)

@: regenerating, very resistant to hostile enchantments, extremely unstealthy
A: negative energy resistance 1, electricity resistance, unbreathing,
petrification resistance, rot immunity, AC +8
a: Burn Spellbooks, Berserk, Trog's Hand, Brothers in Arms, Renounce Religion


You were in the Dungeon.
You worshipped Trog.
Trog was exalted by your worship.
You were not hungry.

You visited 1 branch You collected 8 gold pieces.

Inventory:

Hand weapons
 a - a +0 flail
 h - a +3 flail of holy wrath
 j - a +2 flail of protection
 u - a +3 antimagic mace
 v - a +4 antimagic morningstar
 y - a +3 antimagic spear
 z - a +6 eveningstar of draining (weapon)
Armour
 b - a +0 scale mail
 c - a +0 shield (worn)
 x - a +0 plate armour (worn)
Scrolls
 k - a scroll of blinking
 l - a scroll of magic mapping {unknown}
 m - a scroll of torment {unknown}
 n - a scroll of identify
 o - 4 scrolls of remove curse
 s - a scroll of holy word {unknown}
Potions
 f - a potion of curing
 g - a potion of heal wounds
 i - 2 potions of magic
 q - 3 potions of cure mutation
 r - 3 potions of flight
Miscellaneous
 d - an ornate deck of changes {drawn: 6}
Comestibles
 e - a bread ration
 p - 2 fruits
 t - 22 royal jellies


   Skills:
 + Level 16.8 Fighting
 + Level 15.4 Maces & Flails
 + Level 16.8 Armour
 + Level 16.8 Shields


You had 11 spell levels left.
You didn't know any spells.

Dungeon Overview and Level Annotations

Branches:
Dungeon (1/1)

Altars:
Cheibriados
Dithmenos
Elyvilon
Fedhas
Gozag
Kikubaaqudgha
Makhleb
Nemelex Xobeh
Okawaru
Qazlal
Ru
Sif Muna
Trog
Vehumet
Xom
Yredelemnul
Zin
The Shining One
Jiyva
Lugonu

Shops:
D [%=


Innate Abilities, Weirdness & Mutations

You are resistant to torment.
Your stone body is resilient (AC +8).
You are immune to poison.
You resist negative energy.
You are resistant to electric shocks.
You can survive without breathing.
You are immune to petrification.
You are immune to rotting.


Message History

You block the alligator snapping turtle's attack.
Your deep troll bites the alligator snapping turtle!
Your deep troll claws the alligator snapping turtle!
Your deep troll claws the alligator snapping turtle!!
Unknown command.
Your deep troll bites the alligator snapping turtle but does no damage.
Your deep troll claws the alligator snapping turtle! x2
You block the alligator snapping turtle's attack.
Your deep troll bites the alligator snapping turtle!
The alligator snapping turtle dies!
Trog accepts your kill.
Unknown command.
The alligator snapping turtle bites you but does no damage.
Something bites your deep troll!
Eat which item? (? for menu, Esc to quit)
Your deep troll bites the alligator snapping turtle but does no damage.
Your deep troll claws the alligator snapping turtle but does no damage.
Your deep troll claws the alligator snapping turtle!!
The alligator snapping turtle bites you from afar!!!
You die...

#≈≈≈§§§≈≈≈♣♣♣♣♣♣♣#..♣♣
#.≈≈≈§≈§≈≈♣ ###†♣♣♣♣♣ ♣♣
#+####+#######♣
♣♣♣♣.##..##≈≈
........)......♣♣
♣...##.##.#≈≈
#+#############+♣
♣♣.##†##.##+≈
#≈P....†..†..♣
♣..#†##.).#
J.+≈≈...########♣♣
♣♣.##.##.)#
.J#≈≈≈.........PP♣
♣♣†##.#####
..#≈≈≈≈P......@.P♣
♣.....# #
###########T############
▓t.tt......P.▓
▓≈≈.t.....P≈≈▓
▓≈≈≈P...PP≈≈≈▓
▓≈≈≈≈≈..≈≈≈≈≈▓
▓≈≈≈≈≈≈≈≈≈≈≈≈▓
▓≈≈≈≈≈≈≈≈≈≈≈≈▓
▓≈≈≈≈≈≈≈≈≈≈≈≈▓


You could see an alligator snapping turtle and a friendly deep troll (berserk).

Vanquished Creatures
  Rupert (D)
  A kraken (D)
  Maud (D)
  A centaur warrior (D)
  Erica (D)
  A death yak (D)
  An unseen horror (D)
  A lindwurm (D)
  2 black mambas (D)
  2 spiny frogs (D)
  A fire drake (D)
  A deep elf priest (D)
  A komodo dragon (D)
  3 wandering mushrooms (D)
  2 snapping turtles (D)
  A queen bee (D)
  7 blink frogs (D)
  3 redbacks (D)
  A shadow (D)
  A spatial vortex (D)
  A swamp drake (D)
  A necrophage (D)
  2 centaurs (D)
  An earth elemental (D)
  2 brain worms (D)
  A water elemental (D)
  32 killer bees (D)
  A jelly (D)
  A wizard (D)
  A necromancer (D)
  A wolf (D)
  A kobold demonologist (D)
  3 humans (D)
  An ooze (D)
  3 rats (D)
85 creatures vanquished.

Vanquished Creatures (collateral kills)
  2 alligator snapping turtles (D)
  3 death yaks (D)
  A blink frog (D)
6 creatures vanquished.

Vanquished Creatures (others)
  2 draconian scorchers (D)
  3 yaktaurs (D)
  A fungus (D)
  3 plants (D)
  8 tentacles (D)
  52 tentacle segments (D)
69 creatures vanquished.

Grand Total: 160 creatures vanquished

Notes
Turn   | Place    | Note
--------------------------------------------------------------
     0 | D        | nuthulu the Gargoyle Fighter began the quest for the Orb.
     0 | D        | Reached XP level 1. HP: 14/14 MP: 1/1
    56 | D        | Killed a yaktaur
   153 | D        | Reached XP level 2. HP: 18/20 MP: 2/2
   195 | D        | Killed a white draconian scorcher
   209 | D        | Killed a white draconian scorcher
   229 | D        | Reached skill level 4 in Fighting
   229 | D        | Reached XP level 3. HP: 8/24 MP: 3/3
   481 | D        | Noticed a wolf
   487 | D        | Killed a wolf
   487 | D        | Reached skill level 5 in Fighting
   487 | D        | Reached skill level 5 in Armour
   487 | D        | Reached skill level 5 in Shields
   526 | D        | Gained mutation: You can translocate small distances at will. [potion of mutation]
   526 | D        | Gained mutation: You have a pair of small horns on your head. [potion of mutation]
   546 | D        | Gained mutation: You have a pair of horns on your head. [potion of mutation]
   546 | D        | Gained mutation: You are partially covered in icy blue scales (AC +1). [potion of mutation]
   554 | D        | Noticed a water elemental
   559 | D        | Killed a water elemental
   559 | D        | Reached skill level 5 in Maces & Flails
   559 | D        | Reached XP level 4. HP: 8/32 MP: 4/4
   847 | D        | Found an iron altar of Okawaru.
   847 | D        | Found a bloodstained altar of Trog.
   847 | D        | Noticed a human
   849 | D        | Noticed a human
   885 | D        | Killed a human
   885 | D        | Reached skill level 7 in Fighting
   885 | D        | Reached XP level 5. HP: 17/38 MP: 5/5
   885 | D        | Reached XP level 6. HP: 19/44 MP: 6/6
   892 | D        | Killed a human
   892 | D        | Reached skill level 8 in Fighting
   919 | D        | Killed a yaktaur
  1163 | D        | Became a worshipper of Trog the Wrathful
  1172 | D        | Found a radiant altar of Vehumet.
  1172 | D        | Found a deep blue altar of Sif Muna.
  1172 | D        | Found an ancient bone altar of Kikubaaqudgha.
  1172 | D        | Noticed a wizard
  1173 | D        | Acquired Trog's first power
  1177 | D        | Killed a wizard
  1183 | D        | Acquired Trog's second power
  1201 | D        | Found a glowing silver altar of Zin.
  1201 | D        | Found a glowing golden altar of the Shining One.
  1201 | D        | Found a white marble altar of Elyvilon.
  1203 | D        | Noticed a deep elf priest
  1209 | D        | Killed a deep elf priest
  1209 | D        | Reached skill level 9 in Fighting
  1209 | D        | Reached XP level 7. HP: 51/51 MP: 7/7
  1266 | D        | Found a basalt altar of Yredelemnul.
  1266 | D        | Found a snail-covered altar of Cheibriados.
  1266 | D        | Found a blossoming altar of Fedhas.
  1266 | D        | Noticed a necrophage
  1266 | D        | Noticed a necromancer
  1269 | D        | Killed a necromancer
  1274 | D        | Killed a necrophage
  1280 | D        | Killed a yaktaur
  1290 | D        | Noticed a jelly
  1297 | D        | Killed a jelly
  1297 | D        | Acquired Trog's third power
  1308 | D        | Noticed a shadow
  1314 | D        | Killed a shadow
  1314 | D        | Reached skill level 10 in Fighting
  1314 | D        | Reached skill level 10 in Armour
  1314 | D        | Reached skill level 10 in Shields
  1314 | D        | Reached XP level 8. HP: 46/57 MP: 8/8
  1376 | D        | Found a stormy altar of Qazlal.
  1376 | D        | Found a sacrificial altar of Ru.
  1376 | D        | Found a burning altar of Makhleb.
  1376 | D        | Found a shimmering altar of Xom.
  1376 | D        | Noticed a spatial vortex
  1377 | D        | Found a viscous altar of Jiyva.
  1377 | D        | Found a shadowy altar of Dithmenos.
  1377 | D        | Found a sparkling altar of Nemelex Xobeh.
  1377 | D        | Found a corrupted altar of Lugonu.
  1377 | D        | Found an opulent altar of Gozag.
  1388 | D        | Killed a spatial vortex
  1407 | D        | Noticed Erica
  1418 | D        | Lost mutation: You have a pair of horns on your head. [helix card]
  1418 | D        | Gained mutation: Your large and strong wings let you fly indefinitely. [helix card]
  1428 | D        | Killed Erica
  1428 | D        | Reached skill level 11 in Fighting
  1428 | D        | Reached skill level 10 in Maces & Flails
  1428 | D        | Reached XP level 9. HP: 64/64 MP: 9/9
  1486 | D        | Noticed an earth elemental
  1494 | D        | Killed an earth elemental
  1534 | D        | Noticed a centaur
  1534 | D        | Noticed a centaur warrior
  1534 | D        | Noticed a centaur
  1563 | D        | Killed a centaur warrior
  1563 | D        | Reached skill level 12 in Fighting
  1570 | D        | Killed a centaur
  1577 | D        | Killed a centaur
  1980 | D        | Killed an unseen horror
  2034 | D        | Noticed a wandering mushroom
  2040 | D        | Noticed a wandering mushroom
  2042 | D        | Noticed a wandering mushroom
  2053 | D        | Killed a wandering mushroom
  2053 | D        | Reached XP level 10. HP: 34/72 MP: 10/10
  2229 | D        | Killed a wandering mushroom
  2241 | D        | Killed a wandering mushroom
  2385 | D        | Drew Focus: Str increased to 21, Int decreased to 8
  2398 | D        | Lost mutation: You have a pair of small horns on your head. [helix card]
  2398 | D        | Gained mutation: Your body sometimes deteriorates upon taking damage. [helix card]
  2400 | D        | Noticed a killer bee
  2400 | D        | Noticed a killer bee
  2400 | D        | Noticed a killer bee
  2400 | D        | Noticed a killer bee
  2400 | D        | Noticed a killer bee
  2400 | D        | Noticed a queen bee
  2400 | D        | Noticed a killer bee
  2400 | D        | Noticed a killer bee
  2400 | D        | Noticed a killer bee
  2400 | D        | Noticed a killer bee
  2400 | D        | Noticed a killer bee
  2400 | D        | Noticed a killer bee
  2400 | D        | Noticed a killer bee
  2400 | D        | Noticed a killer bee
  2400 | D        | Noticed a killer bee
  2401 | D        | Noticed a killer bee
  2402 | D        | Noticed a killer bee
  2402 | D        | Noticed a killer bee
  2403 | D        | Noticed a killer bee
  2403 | D        | Noticed a killer bee
  2404 | D        | Noticed a killer bee
  2404 | D        | Killed a killer bee
  2405 | D        | Noticed a killer bee
  2405 | D        | Noticed a killer bee
  2405 | D        | Noticed a killer bee
  2406 | D        | Noticed a killer bee
  2406 | D        | Noticed a killer bee
  2407 | D        | Noticed a killer bee
  2408 | D        | Noticed a killer bee
  2411 | D        | Noticed a killer bee
  2411 | D        | Noticed a killer bee
  2414 | D        | Killed a killer bee
  2414 | D        | Reached skill level 13 in Shields
  2416 | D        | Noticed a killer bee
  2423 | D        | Killed a killer bee
  2425 | D        | Killed a killer bee
  2425 | D        | Received a gift from Trog
  2428 | D        | Noticed a killer bee
  2429 | D        | Killed a killer bee
  2434 | D        | Killed a killer bee
  2447 | D        | Killed a killer bee
  2453 | D        | Noticed a killer bee
  2464 | D        | Killed a killer bee
  2470 | D        | Killed a killer bee
  2472 | D        | Killed a killer bee
  2474 | D        | Killed a killer bee
  2474 | D        | Received a gift from Trog
  2484 | D        | Killed a killer bee
  2494 | D        | Killed a killer bee
  2497 | D        | Killed a killer bee
  2520 | D        | Lost mutation: Your body sometimes deteriorates upon taking damage. [potion of cure mutation]
  2520 | D        | Lost mutation: Your large and strong wings let you fly indefinitely. [potion of cure mutation]
  2520 | D        | Lost mutation: You are partially covered in icy blue scales (AC +1). [potion of cure mutation]
  2520 | D        | Lost mutation: You can translocate small distances at will. [potion of cure mutation]
  2521 | D        | Killed a killer bee
  2539 | D        | Killed a killer bee
  2547 | D        | Killed a killer bee
  2553 | D        | Killed a killer bee
  2561 | D        | Killed a killer bee
  2561 | D        | Received a gift from Trog
  2566 | D        | Killed a killer bee
  2569 | D        | Killed a killer bee
  2581 | D        | Killed a killer bee
  2592 | D        | Killed a killer bee
  2597 | D        | Killed a killer bee
  2607 | D        | Killed a killer bee
  2610 | D        | Killed a killer bee
  2610 | D        | Received a gift from Trog
  2616 | D        | Killed a killer bee
  2625 | D        | Killed a killer bee
  2626 | D        | Killed a killer bee
  2627 | D        | Killed a killer bee
  2632 | D        | Killed a killer bee
  2635 | D        | Killed a killer bee
  2635 | D        | Received a gift from Trog
  2645 | D        | Killed a queen bee
  2755 | D        | Noticed a spiny frog
  2755 | D        | Noticed a komodo dragon
  2755 | D        | Noticed a spiny frog
  2762 | D        | Killed a spiny frog
  2765 | D        | Killed a komodo dragon
  2771 | D        | Killed a spiny frog
  2771 | D        | Reached skill level 14 in Fighting
  2801 | D        | Noticed a swamp drake
  2801 | D        | Noticed a fire drake
  2805 | D        | Killed a fire drake
  2805 | D        | Reached XP level 11. HP: 77/80 MP: 3/11
  2813 | D        | Killed a swamp drake
  2813 | D        | Received a gift from Trog
  2818 | D        | Noticed a redback
  2824 | D        | Killed a redback
  2886 | D        | Noticed a brain worm
  2888 | D        | Killed a brain worm
  2899 | D        | Noticed a brain worm
  2901 | D        | Killed a brain worm
  2906 | D        | Noticed a lindwurm
  2909 | D        | Noticed a redback
  2912 | D        | Killed a lindwurm
  2917 | D        | Killed a redback
  2918 | D        | Noticed a redback
  2920 | D        | Killed a redback
  2940 | D        | Noticed Maud
  2960 | D        | Killed Maud
  2960 | D        | Received a gift from Trog
  2994 | D        | Noticed an electric eel
  3025 | D        | Noticed a blink frog
  3025 | D        | Noticed a blink frog
  3025 | D        | Noticed a blink frog
  3025 | D        | Noticed a blink frog
  3027 | D        | Noticed a blink frog
  3035 | D        | Killed a blink frog
  3035 | D        | Reached skill level 15 in Shields
  3058 | D        | Killed a blink frog
  3058 | D        | Reached skill level 15 in Fighting
  3060 | D        | Killed a blink frog
  3073 | D        | Killed a blink frog
  3073 | D        | Reached skill level 15 in Armour
  3076 | D        | Killed a blink frog
  3121 | D        | Noticed Rupert
  3130 | D        | Killed Rupert
  3222 | D        | Noticed a death yak
  3223 | D        | Noticed a blink frog
  3223 | D        | Noticed a death yak
  3224 | D        | Noticed a blink frog
  3227 | D        | Noticed a death yak
  3231 | D        | Noticed a death yak
  3233 | D        | Noticed a blink frog
  3236 | D        | Killed a death yak
  3252 | D        | Killed a death yak
  3252 | D        | Received a gift from Trog
  3252 | D        | Reached skill level 16 in Shields
  3252 | D        | Reached XP level 12. HP: 55/88 MP: 4/12
  3257 | D        | Killed a death yak
  3263 | D        | Killed a death yak
  3268 | D        | Killed a blink frog
  3277 | D        | Noticed an azure jelly
  3277 | D        | Noticed an azure jelly
  3278 | D        | Noticed a black mamba
  3279 | D        | Noticed a black mamba
  3295 | D        | Killed a black mamba
  3306 | D        | Killed a black mamba
  3306 | D        | Received a gift from Trog
  3322 | D        | Killed a blink frog
  3326 | D        | Killed a blink frog
  3326 | D        | Reached skill level 15 in Maces & Flails
  3414 | D        | Noticed a kraken
  3534 | D        | Noticed a snapping turtle
  3555 | D        | Killed a snapping turtle
  3556 | D        | Noticed a snapping turtle
  3566 | D        | Killed a snapping turtle
  3726 | D        | Killed a kraken
  3894 | D        | Noticed a snapping turtle
  3894 | D        | Noticed an alligator snapping turtle
  3895 | D        | Noticed an alligator snapping turtle
  3895 | D        | Found Wasyden's Jewellery Shop.
  3895 | D        | Found Yhuver's Food Boutique.
  3895 | D        | Found Nyehexur's Antique Armour Shoppe.
  3895 | D        | Noticed an alligator snapping turtle
  3914 | D        | Killed an alligator snapping turtle
  3916 | D        | Killed an alligator snapping turtle
  3918 | D        | Demolished by an alligator snapping turtle

Vault maps used:
D:        dungeon_sprint_mu

Action                   |  1- 3 |  4- 6 |  7- 9 | 10-12 || total
-------------------------+-------+-------+-------+-------++-------
Melee: Flail             |    47 |    28 |    90 |   244 ||   409
       Morningstar       |       |       |       |   151 ||   151
       Eveningstar       |       |       |       |    43 ||    43
Invok: Burn Spellbooks   |       |     2 |       |       ||     2
       Berserk           |       |     1 |     1 |     4 ||     6
       Trog's Hand       |       |       |     5 |    15 ||    20
       Brothers in Arms  |       |       |       |     2 ||     2
 Abil: Blink             |     1 |       |       |       ||     1
       Fly               |       |       |       |     1 ||     1
Evoke: Deck              |       |       |     2 |     4 ||     6
  Use: Potion            |     4 |     1 |     1 |     1 ||     7
       Scroll            |     1 |       |     1 |       ||     2
  Eat: Chunk             |       |     2 |     5 |     5 ||    12
       Fruit             |       |       |     1 |       ||     1
       Royal jelly       |       |       |       |     5 ||     5
